 Dungeon Crawl Stone Soup version 0.29-a0-1009-g60c99734e7 (webtiles) character file.

Game seed: 10349358087891719948

119 2tc the Magician (level 5, 0/35 HPs)
             Began as a Djinni Necromancer on Aug 8, 2022.
             Was an Initiate of Ashenzari.
             Slain by a centaur zombie (3 damage)
             ... in an ossuary.
             The game lasted 00:11:44 (3673 turns).

2tc the Magician (Djinni Necromancer)               Turns: 3673, Time: 00:11:45

Health: 0/35       AC: 14    Str:  7    XL:     5   Next: 24%
Gold:   234        EV: 12    Int: 16    God:    Ashenzari [......] SH:  0 Dex: 16

rFire   + + .      SeeInvis .   h - +1 dagger (protect)
rCold   x . .      Faith    .   (no shield)
rNeg    . . .      Spirit   .   a - +0 robe
rPois   ∞          Reflect  .   l - +2 helmet
rElec   .          Harm     .   j - +0 cloak
rCorr   .          Rampage  .   i - +0 pair of gloves
Will    .....                   (boots unavailable)
Stlth   ++........              (no amulet)
HPRegen 0.11/turn               (no ring)
MPRegen 0.00/turn               (no ring)

@: marked, under a protective aura, flying
A: sickness immunity, fire resistance 2, cold vulnerability 1, float, innate
caster, HP casting, extra vitality 1
a: Renounce Religion


You were in an ossuary.
You worshipped Ashenzari.
Ashenzari was noncommittal.
You visited 1 branch of the dungeon, and saw 4 of its levels.
You also visited: Ossuary.

You collected 245 gold pieces.
You spent 11 gold pieces at shops.

Inventory:

Hand Weapons
 b - a +1 short sword
 h - a +1 dagger of protection (weapon)
Armour
 a - a +0 robe (worn)
 i - a +0 pair of gloves (worn)
 j - a +0 cloak (worn)
 k - the +1 leather armour "Wyvym" {-Tele rF+ Str+2}
   (You found it on level 3 of the Dungeon)

   Str:       It affects your strength (+2).
   rF:        It protects you from fire.
   -Tele:     It prevents most forms of teleportation.
 l - a +2 helmet (worn)
Scrolls
 d - 2 scrolls of enchant weapon
 e - 4 scrolls of identify
 f - a scroll of poison
Potions
 c - 2 potions of mutation


   Skills:
 - Level 2.1 Dodging
 - Level 1.5 Stealth
 * Level 4.8 Spellcasting


You couldn't memorise any spells.
You knew the following spells:

 Your Spells              Type           Power      Damage    Failure   Level
a - Necrotise             Necr           76%        1d7       1%          1
b - Vampiric Draining     Necr           19%        2d7       6%          3
c - Animate Dead          Necr           19%        N/A       21%         4
d - Agony                 Necr           19%        N/A       50%         5
e - Foxfire               Conj/Fire      76%        2x1d7     1%          1
f - Passwall              Tmut/Erth      15%        N/A       3%          2
Your spell library was empty.

Dungeon Overview and Level Annotations

Branches:
Dungeon (4/15)            Ossuary (1/1)
 Temple: D:4-7

Altars:
Ashenzari
Zin

Shops:
D:1 !   D:2 *


Innate Abilities, Weirdness & Mutations

You are immune to sickness and miasma.
You are immune to poison.
Your flesh is very heat resistant. (rF++)
You are vulnerable to cold. (rC-)
You float through the air rather than walking.
You learn spells naturally, not from books.
Your magical power is your life essence.
You have superior vitality. (+4 MHP)


Message History

The centaur zombie hits you but does no damage.
The centaur zombie kicks you.
* * * LOW HITPOINT WARNING * * *
The centaur zombie hits you.
* * * LOW HITPOINT WARNING * * *
The centaur zombie closely misses you.
The centaur zombie completely misses you.
The centaur zombie closely misses you. The centaur zombie barely misses you.
The centaur zombie closely misses you. The mummy closely misses you.
You hit the mummy but do no damage.
Your weapon exudes an aura of protection.
The mummy is almost destroyed.
The centaur zombie barely misses you.
The centaur zombie kicks you but does no damage.
The centaur zombie closely misses you.
The centaur zombie kicks you but does no damage.
The centaur zombie hits you but does no damage.
The centaur zombie closely misses you.
The centaur zombie hits you but does no damage.
The centaur zombie barely misses you.
You hit the mummy but do no damage.
The mummy is almost destroyed.
The centaur zombie closely misses you.
The centaur zombie kicks you but does no damage.
The centaur zombie completely misses you.
The centaur zombie kicks you but does no damage.
The centaur zombie barely misses you.
The centaur zombie kicks you but does no damage.
The centaur zombie hits you but does no damage.
The centaur zombie barely misses you. The mummy closely misses you.
The centaur zombie hits you but does no damage.
The centaur zombie kicks you but does no damage.
The centaur zombie hits you but does no damage.
The centaur zombie kicks you but does no damage.
You hit the mummy but do no damage.
The mummy is almost destroyed.
The centaur zombie hits you.
* * * LOW HITPOINT WARNING * * *
The centaur zombie barely misses you. The centaur zombie hits you.
You die...

#####
##...##
#.....#
#.....#
#.....#
#....Z#
#..∩ZM#
#..ZM@#
#..ZMZ#
#....Z#
#^....#
#..^..#
#.......#
##.....##
#.......
##..^..##


You could see 3 mummies, 2 hobgoblin zombies and 4 centaur zombies.

Vanquished Creatures
  An orc wizard (D:3)
  Ijyb (D:2)
  2 dart slugs (D:2)
  3 orcs (D:3)
  7 ball pythons
  6 endoplasms
  3 giant cockroaches (D:1)
  8 goblins (D:2)
  6 hobgoblins
  5 kobolds
  7 quokkas
  A bat (D:3)
  A frilled lizard (D:2)
  6 rats
57 creatures vanquished.

Vanquished Creatures (others)
  113 foxfires
113 creatures vanquished.

Grand Total: 170 creatures vanquished

Notes
Turn   | Place    | Note
-------+----------+-------------------------------------------
     0 | D:1      | 2tc the Djinni Necromancer began the quest for the Orb.
     0 | D:1      | 2tc set off with the following spells memorised: Necrotise,
                  | Vampiric Draining, Animate Dead, Agony.
     0 | D:1      | Reached XP level 1. HP: 15/15 MP: 0/0
   255 | D:1      | Reached XP level 2. HP: 15/21 MP: 0/0
   358 | D:1      | Found Kixtiofi's Distillery.
   367 | D:1      | Bought a potion of degeneration for 11 gold pieces
  1530 | D:1      | Reached XP level 3. HP: 24/25 MP: 0/0
  1530 | D:1      | Learned a level 1 spell: Foxfire
  1790 | D:2      | Reached skill level 4 in Spellcasting
  2063 | D:2      | Noticed Ijyb
  2071 | D:2      | Paralysed by Ijyb for 2 turns
  2077 | D:2      | Paralysed by Ijyb for 5 turns
  2096 | D:2      | Killed Ijyb
  2097 | D:2      | Reached XP level 4. HP: 18/31 MP: 0/0
  2446 | D:2      | Found Xowkeoz's General Store.
  2786 | D:3      | Reached XP level 5. HP: 24/35 MP: 0/0
  2786 | D:3      | Learned a level 2 spell: Passwall
  2959 | D:3      | Found a broken altar of Ashenzari.
  3076 | D:3      | Found a faded altar of an unknown god.
  3122 | D:3      | Identified the +1 leather armour "Wyvym" {-Tele rF+ Str+2}
  3145 | D:3      | Became a worshipper of Ashenzari the Shackled
  3506 | D:3      | Found a glowing silver altar of Zin.
  3633 | D:4      | Found a sand-covered staircase.
  3638 | Ossuary  | Entered an ossuary
  3673 | Ossuary  | Slain by a centaur zombie

Illustrated notes

Levels and vault maps discovered:
D:1:      psy_arrival_dodecagon, layout_basic, serial_shops, shop
D:2:      kennysheep_the_goblin_king, layout_loops_cross, serial_shops,
          nicolae_shop_behind_doors
D:3:      layout_loops_ring, ashenzari_conservatory_becter,
          nicolae_overflow_ecumenical_swirl
D:4:      nicolae_cairo_tiling_large_dashed, layout_basic,
          minmay_temple_entry_proselytizer,
          lightli_ossuary_entry_decrepit_ruins, minivault_14
Ossuary:  ossuary_the_hunt_dpeg

Skill      XL: |  1  2  3 |
---------------+----------+-----
Spellcasting   | 4 |  4.8
Dodging        | |  2.1
Stealth        | |  1.5

Action                   |  1- 3 |  4- 6 || total
-------------------------+-------+-------++-------
Melee: Short sword       |    22 |       ||    22
       Dagger            |       |    11 ||    11
 Cast: Necrotise         |    39 |     1 ||    40
       Foxfire           |    18 |    51 ||    69
       Passwall          |       |     2 ||     2
  Use: Scroll            |     7 |     1 ||     8
       Potion            |     1 |     2 ||     3
 Stab: Sleeping          |     1 |       ||     1
Armor: Robe              |     5 |    54 ||    59
Dodge: Dodged            |    21 |    77 ||    98

Table legend: (Time is in decaauts)
 A = Elapsed time spent in this place.
 B = Non-inter-level travel time spent in this place.
 C = Inter-level travel time spent in this place.
 D = Time resting spent in this place.
 E = Time spent auto-exploring this place.
 F = Levels seen in this place.
 G = Mean time per level.
                   A        B        C        D        E       F      G
               +--------+--------+--------+--------+--------+-----+--------+
         Total |   3673 |   3606 |     67 |    249 |   2854 |   5 |  734.6 |
       Dungeon |   3638 |   3571 |     67 |    249 |   2854 |   4 |  909.5 |
       Ossuary |     34 |     34 |      0 |      0 |      0 |   1 |   34.0 |
               +--------+--------+--------+--------+--------+-----+--------+

Top non-repeatable levels by time:
     D:1: 1634 daAuts
     D:3: 1007 daAuts
     D:2: 983 daAuts
 Ossuary: 34 daAuts
     D:4: 12 daAuts
